 Dungeon Crawl Stone Soup version 0.26.0-15-gc6cd9f7 (webtiles) character file.

Game seed: 9181752763757214894

1145 GeorgeSoros the Fighter (level 8, -9/71 HPs)
             Began as a Gnoll Wanderer on Feb 8, 2021.
             Was an Initiate of Qazlal.
             Killed from afar by an electric eel (16 damage)
             ... with a bolt of electricity
             ... on level 5 of the Dungeon.
             The game lasted 00:18:24 (5497 turns).

GeorgeSoros the Fighter (Gnoll Wanderer)            Turns: 5497, Time: 00:18:25

Health: -9/71      AC: 16    Str: 15    XL:     8   Next: 37%
Magic:  12/12      EV: 11    Int: 17    God:    Qazlal [......]
Gold:   232        SH:  0    Dex: 20    Spells: 13/13 levels left

rFire    x . .     SeeInvis +   a - +2 falchion
rCold    + + .     Faith    .   (no shield)
rNeg     . . .     Spirit   .   h - +3 ice dragon scales
rPois    .         Reflect  .   k - +0 helmet of Objectivity {Dex+6 SInv} (curse)
rElec    .         Harm     .   d - +0 cloak
rCorr    .         Rampage  .   (no gloves)
Will     .....                  i - +0 pair of boots
Stlth    ++........             (no amulet)
HPRegen  0.21/turn              (no ring)
MPRegen  0.13/turn              (no ring)

@: no status effects
A: distributed training, fangs 1, strong nose
a: Renounce Religion


You were on level 5 of the Dungeon.
You worshipped Qazlal.
Qazlal was noncommittal.
You visited 2 branches of the dungeon, and saw 6 of its levels.

You collected 232 gold pieces.

Inventory:

Hand Weapons
 a - a +2 falchion (weapon)
 f - a +1 dagger of holy wrath
Armour
 d - a +0 cloak (worn)
 h - +3 ice dragon scales (worn)
 i - a +0 pair of boots (worn)
 k - the cursed +0 helmet of Objectivity (worn) {Dex+6 SInv}
   (You took it off Robin on level 2 of the Dungeon)

   It affects your dexterity (+6).
   It lets you see invisible.
   It has a curse placed upon it.
Wands
 n - a wand of disintegration (3)
Scrolls
 c - a scroll of teleportation
 g - 3 scrolls of remove curse
 l - 4 scrolls of amnesia
Potions
 b - 2 potions of lignification
 e - 3 potions of curing
 j - a potion of brilliance
 m - a potion of haste
 o - a potion of magic
 p - a potion of invisibility


   Skills:
 + Level 9.1 Fighting
 + Level 3.2 Short Blades
 + Level 5.6 Long Blades
 + Level 3.2 Axes
 + Level 3.2 Maces & Flails
 + Level 3.2 Polearms
 + Level 3.2 Staves
 + Level 3.2 Slings
 + Level 3.2 Bows
 + Level 3.2 Crossbows
 + Level 3.2 Throwing
 + Level 3.2 Armour
 + Level 4.1 Dodging
 + Level 6.8 Stealth
 + Level 3.2 Shields
 + Level 3.2 Unarmed Combat
 + Level 3.2 Spellcasting
 + Level 2.6 Conjurations
 + Level 2.6 Hexes
 + Level 2.6 Summonings
 + Level 2.6 Necromancy
 + Level 2.6 Translocations
 + Level 2.6 Transmutations
 + Level 2.6 Fire Magic
 + Level 2.6 Ice Magic
 + Level 2.6 Air Magic
 + Level 2.6 Earth Magic
 + Level 2.6 Poison Magic
 + Level 3.5 Invocations
 + Level 3.2 Evocations


You had 13 spell levels left.
You didn't know any spells.
Your spell library was empty.

Dungeon Overview and Level Annotations

Branches:
Dungeon (5/15)             Temple (1/1) D:4

Altars:
Ashenzari
Cheibriados
Dithmenos
Fedhas
Gozag
Kikubaaqudgha
Makhleb
Nemelex Xobeh
Okawaru
Qazlal
Ru
Sif Muna
Trog
Vehumet
Wu Jian
Xom
Zin
The Shining One

Annotations:
D:4 1 runed translucent door, MrDizzy's ghost, amateur PaFi


Innate Abilities, Weirdness & Mutations

Your experience applies equally to all skills.
You have very sharp teeth.
Your uncanny sense of smell can sniff out nearby items.


Message History

You feel strangely unstable.
You flicker back into view.
The electric eel shoots out a bolt of lightning at you!
The bolt of electricity hits the electric eel.
The electric eel completely resists.
The bolt of electricity hits you!
* * * LOW HITPOINT WARNING * * *
The electric eel shoots out a bolt of lightning at you!
The bolt of electricity hits you but does no damage.
Okay, then.
It was a potion of cancellation.
You feel strangely stable.
You feel magically purged.
Your magical contamination has completely faded away.
The electric eel shoots out a bolt of lightning at you!
The bolt of electricity hits you.
* * * LOW HITPOINT WARNING * * *
The electric eel shoots out a bolt of lightning at you!
The bolt of electricity hits the electric eel.
The electric eel completely resists.
The bolt of electricity hits you!
You die...

#######.#.#. ####### #.#.#.
###...≈≈#########.#.#.
#####≈..####≈##.......#.#.
##..≈≈≈##'..##.#.#######.#.
#..#####.....#.#...#...#.##
###+..##.....#.###.#.......
....#PP.≈P#≈# #.#.....#. ###
#.....#..@P.#≈# #.#....>#. ..#
#PP.≈.#?;;"!#≈# #.#.#...#. #.#
#$.P≈≈#≈;.≈≈#≈# #.#.#...#. #.#
#≈[?.)##≈≈≈##≈# #.#.....#. #.#
#≈;.;;######.## #.###...#.
####.####≈≈≈##≈....## #.........
........#####≈############.....#.
........'...≈## #..............##
......#.#########.########......)


You could see 3 electric eels.

Vanquished Creatures
  A troll (D:5)
  An ice beast (D:5)
  A scorpion (D:4)
  4 orc priests
  3 jellies
  A centaur skeleton (D:5)
  A hound (D:3)
  A bullfrog skeleton (D:4)
  5 orc wizards
  2 iguanas (D:4)
  3 worker ants (D:4)
  Robin (D:2)
  10 adders
  A shadow imp (D:5)
  2 oozes
  3 worms
  3 dart slugs
  6 leopard geckos
  15 orcs
  8 giant cockroaches
  14 goblins
  11 hobgoblins
  8 jackals
  3 quokkas
  A ball python (D:3)
  10 bats
  8 frilled lizards
  3 kobolds
  A quokka zombie (D:5)
  8 rats
139 creatures vanquished.

Notes
Turn   | Place    | Note
-------+----------+-------------------------------------------
     0 | D:1      | GeorgeSoros the Gnoll Wanderer began the quest for the Orb.
     0 | D:1      | GeorgeSoros set off with the following items: a +2
                  | falchion, 2 potions of lignification, a +0 robe, a +0
                  | dagger
     0 | D:1      | Reached XP level 1. HP: 26/26 MP: 1/1
   186 | D:1      | Reached XP level 2. HP: 30/33 MP: 2/2
   485 | D:1      | Reached XP level 3. HP: 38/38 MP: 3/3
   617 | D:1      | Reached skill level 1 in Invocations
   987 | D:2      | Reached skill level 1 in Short Blades
   987 | D:2      | Reached skill level 1 in Axes
   987 | D:2      | Reached skill level 1 in Maces & Flails
   987 | D:2      | Reached skill level 1 in Polearms
   987 | D:2      | Reached skill level 1 in Staves
   987 | D:2      | Reached skill level 1 in Slings
   987 | D:2      | Reached skill level 1 in Bows
   987 | D:2      | Reached skill level 1 in Crossbows
   987 | D:2      | Reached skill level 1 in Throwing
   987 | D:2      | Reached skill level 1 in Armour
   987 | D:2      | Reached skill level 1 in Shields
   987 | D:2      | Reached skill level 1 in Unarmed Combat
   987 | D:2      | Reached skill level 1 in Spellcasting
   987 | D:2      | Reached skill level 1 in Evocations
  1074 | D:2      | Reached XP level 4. HP: 35/45 MP: 5/5
  1339 | D:2      | Reached skill level 1 in Conjurations
  1339 | D:2      | Reached skill level 1 in Hexes
  1339 | D:2      | Reached skill level 1 in Summonings
  1339 | D:2      | Reached skill level 1 in Necromancy
  1339 | D:2      | Reached skill level 1 in Translocations
  1339 | D:2      | Reached skill level 1 in Transmutations
  1339 | D:2      | Reached skill level 1 in Fire Magic
  1339 | D:2      | Reached skill level 1 in Ice Magic
  1339 | D:2      | Reached skill level 1 in Air Magic
  1339 | D:2      | Reached skill level 1 in Earth Magic
  1339 | D:2      | Reached skill level 1 in Poison Magic
  1361 | D:2      | Identified the cursed +0 helmet of Objectivity {Dex+6 SInv}
  1361 | D:2      | Noticed Robin
  1376 | D:2      | Killed Robin
  1510 | D:2      | Reached XP level 5. HP: 51/51 MP: 6/6
  1982 | D:3      | HP: 1/50 [orc priest/nerve-wracking pain (13)]
  2589 | D:3      | Reached XP level 6. HP: 13/57 MP: 8/8
  3243 | D:3      | Found a shimmering blue altar of Sif Muna.
  3270 | D:3      | Reached skill level 5 in Long Blades
  3620 | D:4      | Found a runed translucent door.
  3621 | D:4      | Noticed MrDizzy's ghost (amateur PaFi)
  3652 | D:4      | Reached XP level 7. HP: 33/63 MP: 10/10
  3813 | D:4      | Found a radiant altar of Vehumet.
  3813 | D:4      | Found an iron altar of Okawaru.
  3815 | D:4      | Found a shimmering blue altar of Sif Muna.
  3827 | D:4      | Found a blossoming altar of Fedhas.
  4564 | D:4      | Found a staircase to the Ecumenical Temple.
  4572 | D:4      | Reached skill level 9 in Fighting
  4586 | Temple   | Entered the Ecumenical Temple
  4744 | Temple   | Became a worshipper of Qazlal Stormbringer
  4830 | D:5      | Entered Level 5 of the Dungeon
  5154 | D:5      | Reached XP level 8. HP: 66/71 MP: 12/12
  5458 | D:5      | Noticed a troll
  5470 | D:5      | Killed a troll
  5497 | D:5      | Killed from afar by an electric eel

Illustrated notes

Levels and vault maps discovered:
D:1:      matt_arrival_refuge, layout_basic, hangedman_decor_riveting
D:2:      layout_loops_ring, uniq_robin
D:3:      layout_basic, led_sif_book
D:4:      layout_basic, minitemple, minmay_temple_entry_stoned_glass,
          ebering_ghost_inner_flame, portal_sewer_entry_d, minmay_box_of_dots
D:5:      cheibrodos_two_vegetables, layout_basic
Temple:   jpeg_temple_clearing

Skill      XL: |  1  2  3  4  5  6  7  8 |
---------------+-------------------------+-----
Stealth        | 6 |  6.8
Invocations    | 1 2 3 |  3.5
Short Blades   | 1 2 3 |  3.2
Axes           | 1 2 3 |  3.2
Maces & Flails | 1 2 3 |  3.2
Polearms       | 1 2 3 |  3.2
Staves         | 1 2 3 |  3.2
Slings         | 1 2 3 |  3.2
Bows           | 1 2 3 |  3.2
Crossbows      | 1 2 3 |  3.2
Throwing       | 1 2 3 |  3.2
Armour         | 1 2 3 |  3.2
Shields        | 1 2 3 |  3.2
Unarmed Combat | 1 2 3 |  3.2
Spellcasting   | 1 2 3 |  3.2
Evocations     | 1 2 3 |  3.2
Conjurations   | 1 2 |  2.6
Hexes          | 1 2 |  2.6
Summonings     | 1 2 |  2.6
Necromancy     | 1 2 |  2.6
Translocations | 1 2 |  2.6
Transmutations | 1 2 |  2.6
Fire Magic     | 1 2 |  2.6
Ice Magic      | 1 2 |  2.6
Air Magic      | 1 2 |  2.6
Earth Magic    | 1 2 |  2.6
Poison Magic   | 1 2 |  2.6
Dodging        | 3 4 |  4.1
Long Blades    | 5 |  5.6
Fighting       | 9 |  9.1

Action                   |  1- 3 |  4- 6 |  7- 9 || total
-------------------------+-------+-------+-------++-------
Melee: Falchion          |    71 |   169 |   155 ||   395
       Bite              |     8 |    20 |    26 ||    54
       Punch             |     1 |       |     1 ||     2
Evoke: Wand              |       |     1 |     1 ||     2
  Use: Scroll            |     5 |    10 |     4 ||    19
       Potion            |       |       |     2 ||     2
 Stab: Sleeping          |     8 |     1 |     6 ||    15
       Invisible         |       |       |     1 ||     1
Armor: Robe              |     4 |       |       ||     4
       Ice dragon scales |    25 |   105 |    57 ||   187
Dodge: Dodged            |    43 |    84 |    68 ||   195
       Rpst.: Falchion   |    13 |    30 |    25 ||    68
